Map: Dusk Towers

Players

Grumm - Winner!

  • Race: Protoss Protoss
  • League: Gold

Juice

  • Race: Terran Terran
  • League: Gold

VOD

Have the link to the VOD?

Description

Time

  • Played on: Feb. 1, 2016, 8:37 p.m.
  • Length: 11:22
Show
View Real Time Build Order
Export as new Build Order

Grumm Protoss - Winner!

Build Orders: 1 Gate Expand 

Get SALT Encoding   

  12  0:01  Probe (Chrono Boost)  
  13  0:11  Probe (Chrono Boost)  
  14  0:18  Pylon  
  14  0:22  Probe (Chrono Boost)  
  15  0:36  Probe (Chrono Boost)  
  15  0:40  Gateway  
  16  0:47  Probe (Chrono Boost)  
  17  0:51  Assimilator  
  17  0:57  Probe (Chrono Boost)  
  18  1:17  Nexus  
  18  1:29  Cybernetics Core  
  18  1:33  Zealot (Chrono Boost)  
  20  1:42  Pylon  
  20  1:44  Probe  
  21  1:56  Assimilator, Probe  
  21  2:00  Zealot (Chrono Boost)  
  24  2:07  Warp Gate (Chrono Boost)  
  24  2:09  Probe  
  25  2:21  Probe  
  25  2:38  Probe  
  25  2:40  Stalker (Chrono Boost)  
  28  2:58  Probe  
  29  3:03  Stargate  
  29  3:07  Pylon  
  29  3:26  Probe  
  30  3:30  Forge  
  30  3:34  Pylon  
  30  3:37  Gateway  
  30  3:40  Gateway  
  30  4:31  Probe  
  30  4:32  Probe  
  30  4:36  Oracle (Chrono Boost)  
  31  4:39  Protoss Ground Weapons Level 1  
  31  4:42  Probe  
  31  4:43  Photon Cannon  
  31  4:44  Probe  
  31  4:47  Gateway  
  31  4:51  Gateway  
  31  4:53  Gateway  
  31  4:59  Pylon  
  31  5:00  Probe  
  31  5:02  Assimilator, Probe  
  31  5:06  Pylon  
  33  5:15  Probe  
  33  5:16  Probe  
  35  5:24  Twilight Council  
  35  5:25  Probe  
  35  5:28  Probe  
  37  5:40  Gateway  
  37  5:41  Photon Cannon  
  37  6:12  Zealot x5  
  37  6:13  Zealot  
  37  6:14  Probe  
  37  6:16  Assimilator  
  37  6:18  Probe  
  51  6:26  Probe  
  51  6:28  Probe  
  51  6:32  Nexus  
  53  6:35  Pylon  
  53  6:38  Probe  
  54  6:44  Dark Shrine  
  54  6:47  Pylon  
  54  6:52  Phoenix (Chrono Boost)  
  56  6:59  Stalker  
  56  7:00  Adept  
  60  7:04  Adept  
  60  7:07  Adept  
  64  7:13  Adept  
  64  7:14  Phoenix (Chrono Boost)  
  64  7:15  Adept  
  70  7:27  Stalker x2  
  70  7:29  Stalker  
  76  7:33  Stalker  
  77  7:43  Photon Cannon  
  70  7:53  Stalker  
  55  8:58  Dark Templar  
  55  9:02  Dark Templar  
  55  9:03  Dark Templar x3  
  59  9:53  Zealot x4  
  59  9:54  Zealot x2  
  71  10:01  Probe  
  71  10:02  Probe  
  71  10:03  Probe  
  74  10:08  Assimilator  
  74  10:10  Void Ray (Chrono Boost)  
  74  10:11  Probe  
  74  10:12  Assimilator  
  79  10:14  Probe  
  80  10:58  Zealot  
  80  10:59  Zealot x5  
  80  11:00  Probe x2  
  80  11:01  Probe  
Show
View Real Time Build Order
Export as new Build Order

Juice Terran 

Build Orders:  

Get SALT Encoding   

  12  0:01  SCV  
  13  0:13  SCV  
  14  0:21  Supply Depot  
  14  0:25  SCV  
  15  0:36  Refinery  
  15  0:43  SCV  
  15  0:48  Barracks  
  16  0:58  SCV  
  17  1:10  SCV  
  18  1:23  SCV  
  19  1:35  SCV  
  20  1:40  Reaper  
  22  1:47  SCV  
  22  1:50  Supply Depot  
  22  2:01  Command Center  
  22  2:06  Factory, SCV  
  22  2:55  Hellion  
  22  2:58  Bunker  
  24  3:05  SCV  
  24  3:21  Orbital Command  
  24  3:27  Factory Tech Lab  
  24  3:34  Orbital Command, Refinery  
  24  3:36  Barracks Tech Lab  
  24  3:41  Barracks  
  24  3:44  Starport, Barracks  
  24  3:49  Siege Tank  
  27  4:05  Marine  
  26  4:34  Siege Tank  
  26  4:38  SCV x2  
  28  4:50  Supply Depot  
  28  4:52  SCV  
  29  4:55  Liberator  
  29  4:56  Marine  
  29  4:59  Marine  
  30  5:00  Marine  
  30  5:02  SCV  
  30  5:04  SCV  
  37  5:23  Marine x3  
  37  5:27  SCV x2  
  42  5:29  Refinery  
  42  5:40  SCV x2  
  42  5:41  Marine x2  
  46  5:45  Supply Depot  
  46  5:49  Marine  
  46  5:51  Stimpack  
  46  5:55  Medivac  
  46  6:03  Engineering Bay  
  46  6:11  Supply Depot  
  46  6:33  Marine x3, SCV x2  
  46  6:35  Missile Turret  
  46  6:36  Missile Turret  
  51  6:45  SCV x2  
  53  6:51  Marine  
  54  7:17  Supply Depot  
  54  7:25  Refinery  
  54  7:39  Medivac, Marine x2, SCV, Siege Tank  
  62  8:04  Marine  
  62  8:06  Marine, SCV  
  62  8:07  Marine, SCV  
  55  8:22  Siege Tank  
  55  8:23  Marine x2  
  49  8:37  Marine  
  39  8:41  Marine x2  
  17  9:13  Marine x2  
  17  9:15  SCV x2  
  16  9:30  Marine  
  6  10:21  SCV x2  
Tags
 
Add a new tag
Caveats
  • Supply blocks, unpowered buildings, or Contaminate may cause inaccurate times.
  • Supply counts are checked every 10 seconds.